 Dungeon Crawl Stone Soup version 0.20.1-1-g8b1a95d (webtiles) character file.

110 gobwax the Chopper (level 5, -2/41 HPs)
             Began as a Formicid Fighter on Sept 8, 2017.
             Slain by a gnoll
             ... wielding a +0 flail
              (6 damage)
             ... on level 2 of the Dungeon.
             The game lasted 00:02:04 (1383 turns).

gobwax the Chopper (Formicid Fighter)               Turns: 1383, Time: 00:02:05

Health: -2/41      AC:  6    Str: 21    XL:     5   Next: 14%
Magic:  5/5        EV:  9    Int:  8    God:
Gold:   91         SH:  9    Dex: 10    Spells: 4/4 levels left

rFire    . . .     SeeInvis +   a - +0 war axe
rCold    . . .     Gourm    .   c - +0 shield
rNeg     . . .     Faith    .   b - +0 scale mail
rPois    .         Spirit   .   (helmet unavailable)
rElec    .         Reflect  .   (no cloak)
rCorr    .         Harm     .   (no gloves)
MR       .....                  (no boots)
Stlth    ..........             (no amulet)
Regen    0.2/turn               j - +2 ring of evasion
MPRegen  0.1/turn               (no ring)

@: no status effects
A: permanent stasis, dig shafts and tunnels, four strong arms, antennae 3
a: Dig, Shaft Self


You were on level 2 of the Dungeon.
You were hungry.

You visited 1 branch of the dungeon, and saw 2 of its levels.

You collected 91 gold pieces.

Inventory:

Hand Weapons
 a - a +0 war axe (weapon)
Armour
 b - a +0 scale mail (worn)
 c - a +0 shield (worn)
Jewellery
 j - a +2 ring of evasion (left hand)
Scrolls
 e - a scroll of noise {unknown}
 h - 3 scrolls of identify {unknown}
 n - a scroll of enchant weapon {unknown}
Potions
 d - a potion of might
 g - 2 potions of cancellation {unknown}
 i - a potion of lignification {unknown}
 k - 2 potions of curing {unknown}
 m - a potion of ambrosia {unknown}
 o - 2 potions of flight {unknown}
Comestibles
 f - a bread ration
 l - a meat ration


   Skills:
 - Level 3.2 Fighting
 * Level 4.9 Axes
 - Level 3.2 Armour
 - Level 3.6 Shields


You had 4 spell levels left.
You didn't know any spells.

Dungeon Overview and Level Annotations

Branches:
Dungeon (2/15)

Altars:
Gozag

Shops:
D:2 *


Innate Abilities, Weirdness & Mutations

You cannot be hasted, slowed, berserked, paralysed or teleported.
You can dig through walls and to a lower floor.
Your four strong arms can wield two-handed weapons with a shield.
You have a pair of large antennae on your head. (SInv)


Message History

You have reached level 5!
You closely miss the frilled lizard. The frilled lizard misses you.
The frilled lizard bites you.
You hit the frilled lizard but do no damage.
The frilled lizard bites you but does no damage.
You hit the frilled lizard.
You kill the frilled lizard!
You slash the gnoll!
You kill the gnoll!
You slash the gnoll!
The gnoll is severely wounded.
The gnoll misses you. The gnoll hits you with a flail.
Your shield and scale mail prevent you from hitting the gnoll.
The gnoll is severely wounded.
The gnoll hits you with a flail!
* * * LOW HITPOINT WARNING * * *
You hit the gnoll.
The gnoll is almost dead.
The gnoll hits you with a flail.
You die...

.# #####.# #..≈≈≈≈≈≈≈#####
.# #.....# #.#≈.....≈# #
.# #.###.# # #≈.⌠.⌠.≈# #
.# #.# #.#
#≈..∩..≈##########
.###.###.#
#≈.⌠.⌠.≈#.........
......##.# #
#≈.....≈#.####....
####.###.#
#.#≈≈...≈≈.......... #.#
#.#####.#^≈._.≈...........
.#.
.......g@≈...≈..#####....
# #. #####.#.≈≈.≈≈..#
#.### #. .. #........#
#..## { #. ## ####.###.#
#.)## .. ...# #.#####..##
##### #..........
###...##.## ##.......
#####...


You could see a gnoll.

Vanquished Creatures
  3 gnolls (D:2)
  2 adders (D:2)
  A worm (D:2)
  A dart slug (D:1)
  2 leopard geckos
  A ball python (D:1)
  2 giant cockroaches
  6 goblins
  9 hobgoblins
  6 jackals
  2 kobolds (D:1)
  9 bats
  3 frilled lizards
  7 rats
54 creatures vanquished.

Notes
Turn   | Place    | Note
-------+----------+-------------------------------------------
     0 | D:1      | gobwax the Formicid Fighter began the quest for the Orb.
     0 | D:1      | Reached XP level 1. HP: 18/18 MP: 1/1
    91 | D:1      | Reached XP level 2. HP: 21/24 MP: 2/2
   182 | D:1      | Reached skill level 3 in Axes
   344 | D:1      | Reached XP level 3. HP: 28/29 MP: 3/3
  1159 | D:2      | Reached skill level 4 in Axes
  1159 | D:2      | Reached XP level 4. HP: 35/35 MP: 4/4
  1245 | D:2      | Found Gozag's Platinum Reserve.
  1344 | D:2      | Found an opulent altar of Gozag.
  1376 | D:2      | Reached XP level 5. HP: 21/41 MP: 5/5
  1383 | D:2      | Slain by a gnoll

Skill      XL: |  1  2  3 |
---------------+----------+-----
Axes           | 3 4 |  4.9
Fighting       | |  3.2
Armour         | |  3.2
Shields        | |  3.6

Action                   |  1- 3 |  4- 6 || total
-------------------------+-------+-------++-------
Melee: War axe           |   125 |    56 ||   181
  Eat: Chunk             |     1 |       ||     1
Armor: Scale mail        |    65 |    25 ||    90
Dodge: Dodged            |    71 |    23 ||    94
Block: Shield            |    93 |    27 ||   120
